 Dungeon Crawl Stone Soup version 0.19.5 (webtiles) character file.

59 Azzok the Skirmisher (level 3, -8/35 HPs)
             Began as a Centaur Berserker on June 2, 2017.
             Was a Follower of Trog.
             Mangled by an orc
             ... wielding a +2 whip of electrocution
              (17 damage)
             ... on level 3 of the Dungeon.
             The game lasted 00:03:08 (2138 turns).

Azzok the Skirmisher (Centaur Berserker)            Turns: 2138, Time: 00:03:09

Health: -8/35      AC:  9    Str: 20    XL:     3   Next: 78%
Magic:  3/3        EV:  4    Int:  6    God:    Trog [*.....]
Gold:   100        SH:  0    Dex:  8    Spells: 0 memorised, 2 levels left

rFire  . . .     SeeInvis .     a - +0 falchion
rCold  . . .     Gourm    .     m - +0 plate armour
rNeg   . . .     Faith    .     (no shield)
rPois  .         Spirit   .     h - +1 hat
rElec  .         Reflect  .     (no cloak)
rCorr  .         Harm     .     (no gloves)
MR     .....                    (no barding)
Stlth  ..........               (no amulet)
                                (no ring)
                                (no ring)

@: very quick
A: hooves 3, deformed body, speed 2, tough skin 3
a: Berserk, Burn Spellbooks, Renounce Religion


You were on level 3 of the Dungeon.
You worshipped Trog.
Trog was aware of your devotion.
You were not hungry.

You visited 1 branch of the dungeon, and saw 3 of its levels.

You collected 100 gold pieces.

Inventory:

Hand Weapons
 a - a +0 falchion (weapon)
Missiles
 i - 32 arrows
Armour
 h - a +1 hat (worn)
 m - a +0 plate armour (worn)
Scrolls
 j - 2 scrolls of identify {unknown}
 k - a scroll of enchant weapon {unknown}
 l - a scroll of recharging {unknown}
 o - a scroll of blinking {unknown}
Potions
 b - a potion of curing {unknown}
 e - a potion of might {unknown}
 n - a potion of lignification {unknown}
Books
 p - a book of Misfortune

   Spells                             Type                      Level
   a - Confusing Touch                Hexes                        1
   b - Confuse                        Hexes                        3
   c - Gell's Gravitas                Hexes/Translocation          3
   d - Petrify                        Transmutation/Earth          4
   e - Metabolic Englaciation         Hexes/Ice                    5
   f - Yara's Violent Unravelling     Hexes/Transmutation          5
   Trog disapproves of the use of such an item.
Comestibles
 c - 2 bread rations {@e1}


   Skills:
 * Level 4.8 Fighting
 - Level 2.6 Long Blades
 - Level 1.3 Armour
 - Level 1.3 Dodging


You had 2 spell levels left.
You didn't know any spells.

Dungeon Overview and Level Annotations

Branches:
Dungeon (3/15)

Altars:
Dithmenos
Ru


Innate Abilities, Weirdness & Mutations

You have hooves in place of feet.
Armour fits poorly on your strangely shaped body.
You cover ground very quickly.
You have extremely tough skin. (AC +3)


Message History

You climb downwards.
There is a stone staircase leading up here.
There is a stone staircase leading up here.
An orc comes into view. It is wielding a whip of electrocution.
The orc shouts!
Found a scroll labeled JUSUIR XELLOQ.
You start waiting.
Your plate armour prevents you from hitting the orc.
Your kick misses the orc. The orc hits you but does no damage.
You are electrocuted!
You take 10 damage, and have 25/35 hp.
MASSIVE DAMAGE!!
You hit the orc. Your kick misses the orc.
The orc is severely wounded.
The orc hits you but does no damage.
You are electrocuted!
* * * LOW HITPOINT WARNING * * *
You take 17 damage, and have 8/35 hp.
MASSIVE DAMAGE!!
You barely miss the orc. You kick the orc.
The orc is severely wounded.
The orc hits you but does no damage.
You are electrocuted!
You die...

···· ····
▒▒▒ ··o▒·
▒·· ?····
▒·▒ ······
▒·▒
······▒▒▒·▒
·······▒@·▒
▒··o··▒
········▒<▒▒
··▒▒▒···▒··▒
▒···▒▒·▒
·····▒▒·▒
···▒▒····▒
···· ······
···· ▒▒▒·▒·


You could see an orc.

Vanquished Creatures
  3 adders (D:2)
  An ooze (D:2)
  A worm (D:2)
  2 leopard geckos
  A ball python (D:2)
  3 bats
  A goblin (D:1)
  3 hobgoblins
  A quokka (D:2)
  A frilled lizard (D:2)
  6 kobolds
  A rat (D:2)
24 creatures vanquished.

Notes
Turn   | Place    | Note
-------+----------+-------------------------------------------
     0 | D:1      | Azzok the Centaur Berserker began the quest for the Orb.
     0 | D:1      | Reached XP level 1. HP: 19/19 MP: 1/1
   936 | D:1      | Reached XP level 2. HP: 26/26 MP: 2/2
   972 | D:2      | Found a shadowy altar of Dithmenos.
  1021 | D:2      | Reached skill level 4 in Fighting
  1218 | D:2      | Reached XP level 3. HP: 31/33 MP: 3/3
  1510 | D:2      | Found a sacrificial altar of Ru.
  2138 | D:3      | Mangled by an orc

Skill      XL: |  1  2 |
---------------+-------+-----
Fighting       | 4 |  4.8
Long Blades    | |  2.6
Armour         | |  1.3
Dodging        | |  1.3

Action                   || total
-------------------------++-------
Melee: Falchion          ||    88
       Kick              ||    16
Invok: Berserk           ||     1
  Use: Scroll            ||     3
  Eat: Bread ration      ||     1
       Chunk             ||     1
Armor: Chain mail        ||    24
       Animal skin       ||     5
       Plate armour      ||    33
Dodge: Dodged            ||    22
       Rpst.: Falchion   ||     5
